 Dungeon Crawl Stone Soup version 0.28-a0-948-gee6e0bcda6 (webtiles) character file.

Game seed: 7928341350990447913

76 Agamemnon the Skirmisher (level 4, -15/40 HPs)
             Began as a Hill Orc Fighter on Nov 28, 2021.
             Was a Follower of Cheibriados.
             Demolished by an ogre (23 damage)
             ... on level 3 of the Dungeon on Nov 30, 2021.
             The game lasted 00:14:01 (2228 turns).

Agamemnon the Skirmisher (Hill Orc Fighter)         Turns: 2228, Time: 00:14:02

Health: -15/40     AC:  8    Str: 21    XL:     4   Next: 32%
Magic:  4/4        EV:  9    Int: 16    God:    Cheibriados [*.....]
Gold:   45         SH:  5    Dex: 12    Spells: 3/3 levels left

rFire   . . .      SeeInvis .   a - +0 war axe
rCold   . . .      Faith    .   c - +0 buckler
rNeg    . . .      Spirit   .   b - +0 scale mail
rPois   .          Reflect  .   h - +0 helmet
rElec   .          Harm     .   (no cloak)
rCorr   .          Rampage  .   (no gloves)
Will    .....                   (no boots)
Stlth   ..........              (no amulet)
HPRegen 0.13/turn               l - ring of flight
MPRegen 0.09/turn               m - +6 ring of intelligence

@: flying, very slow
A: no striking features
a: Renounce Religion, Bend Time


You were on level 3 of the Dungeon.
You worshipped Cheibriados.
Cheibriados was aware of your devotion.
You visited 1 branch of the dungeon, and saw 3 of its levels.

You collected 45 gold pieces.

Inventory:

Hand Weapons
 a - a +0 war axe (weapon)
 f - a +0 hunting sling
 g - a +2 dagger of draining
Missiles
 e - 16 poisoned darts (quivered)
Armour
 b - a +0 scale mail (worn)
 c - a +0 buckler (worn)
 h - a +0 helmet (worn)
Magical Staves
 q - a staff of poison
Jewellery
 l - a ring of flight (left hand)
 m - a +6 ring of intelligence (right hand)
Wands
 n - a wand of polymorph (7)
 p - a wand of acid (12)
Scrolls
 i - a scroll of fog {unknown}
 k - 2 scrolls of blinking {unknown}
Potions
 d - a potion of might
 j - a potion of haste {unknown}
 o - a potion of curing {unknown}


   Skills:
 + Level 4.2 Fighting
 + Level 4.1 Axes
 + Level 0.1 Throwing
 + Level 3.8 Armour
 + Level 0.3 Dodging
 + Level 3.8 Shields


You had 3 spell levels left.
You didn't know any spells.
Your spell library contained the following spells:

 Spells                   Type           Power      Damage    Failure   Level
 Sting                    Tmut/Pois      0%         1d3       56%         1
 Poisonous Vapours        Pois/Air       0%         N/A       71%         2
 Olgreb's Toxic Radiance  Pois           0%         N/A       100%        4


Dungeon Overview and Level Annotations

Branches:
Dungeon (3/15)

Altars:
Cheibriados

Shops:
D:1 (


Message History

[Y]es or [N]o only, please.
You cannot tell which god this altar belongs to.
Convert to them anyway? [Y]es or [N]o only, please.
You cannot tell which god this altar belongs to.
Convert to them anyway? [Y]es or [N]o only, please.
You cannot tell which god this altar belongs to.
Convert to them anyway?
Okay, then.
You cannot tell which god this altar belongs to.
Convert to them anyway?
Uppercase [Y]es or [N]o only, please.
You cannot tell which god this altar belongs to.
Convert to them anyway?
Cheibriados accepts your prayer! Cheibriados welcomes you!
Cheibriados begins to support your attributes as your movement slows.
Cheibriados is now slowing the effects of poison on you.
You can now bend time to slow others.
Cheibriados raises the support of your attributes as your movement slows.
Found a stone staircase leading down.
Found 6 gold pieces.
You now have 45 gold pieces (gained 6).
Found 8 sling bullets.
Found a stone staircase leading up.
Found a stone staircase leading down.
A kobold comes into view. It is wielding a +0 dagger.
The kobold shouts!
The ogre shouts!
You barely miss the kobold. The kobold barely misses you.
You hit the kobold but do no damage. The kobold barely misses you.
You block the ogre's attack. The kobold hits you but does no damage.
You hit the kobold.
You kill the kobold!
Cheibriados appreciates the change of pace.
You barely miss the ogre. The ogre hits you with a +0 giant club.
You closely miss the ogre. The ogre hits you with a +0 giant club!
You block the ogre's attack.
The ogre hits you with a +0 giant club!!
Ouch! That really hurt!
* * * LOW HITPOINT WARNING * * *
The ogre closely misses you.
The ogre hits you with a +0 giant club!!
Ouch! That really hurt!
You die...

#.........# #.........#
##.........# ##### #..........#
####### #....
#.#......#####.....# #....
#...####....##.....# ##....
###.####..#........###### ##....O
........................###.Kg...
###...##.#.#...O@.......#...###.#
#....#.#.##.............### #.#
#........######..#.....## #.#
#....#.#..######.......#### ### #
#....#.#.....)......##...)##### #
####.#.##..##.###.....###†...$#
#### #...###....>...............#
...####...##.###..........#####..
.......#...#.# #......... #..


You could see an ogre.

Vanquished Creatures
  2 adders
  2 worms (D:2)
  4 dart slugs
  7 endoplasms
  2 goblins (D:1)
  5 hobgoblins
  2 jackals (D:1)
  A quokka (D:2)
  3 ball pythons
  3 bats
  7 frilled lizards
  7 kobolds
45 creatures vanquished.

Notes
Turn   | Place    | Note
-------+----------+-------------------------------------------
     0 | D:1      | Agamemnon the Hill Orc Fighter began the quest for the Orb.
     0 | D:1      | Reached XP level 1. HP: 19/19 MP: 1/1
     0 | D:1      | Upgraded the game from 0.28-a0-938-gbc3f381ebc to
                  | 0.28-a0-948-gee6e0bcda6
    18 | D:1      | Found Alimodurr's Weapon Shop.
    47 | D:1      | Reached XP level 2. HP: 17/27 MP: 2/2
   511 | D:1      | Reached XP level 3. HP: 29/30 MP: 3/3
  1603 | D:2      | Reached XP level 4. HP: 40/40 MP: 4/4
  1747 | D:2      | You are sucked into a shaft and drop 1 floor!
  1851 | D:3      | Noticed an ogre
  2084 | D:3      | Found a faded altar of an unknown god.
  2090 | D:3      | Prayed at the altar of an unknown god.
  2090 | D:3      | Became a worshipper of Cheibriados the Contemplative
  2090 | D:3      | Reached * piety under Cheibriados
  2228 | D:3      | Demolished by an ogre

Illustrated notes

Levels and vault maps discovered:
D:1:      psy_arrival_radial02, layout_rooms, serial_shops,
          nicolae_shop_bloodbath_and_beyond
D:2:      minmay_diamond_boxcup, layout_basic
D:3:      cheibrodos_thug_alley, layout_rooms,
          shapermc_ecumenical_altar_mp_highgroup, uniq_sigmund

Skill      XL: |  1  2  3 |
---------------+----------+-----
Axes           | 3 4 |  4.1
Fighting       | 4 |  4.2
Throwing       | |  0.1
Armour         | |  3.8
Dodging        | |  0.3
Shields        | |  3.8

Action                   |  1- 3 |  4- 6 || total
-------------------------+-------+-------++-------
Melee: War axe           |   103 |    23 ||   126
Throw: Dart              |     4 |       ||     4
Armor: Scale mail        |    50 |    10 ||    60
Dodge: Dodged            |    35 |    16 ||    51
Block: Buckler           |    23 |    13 ||    36

Table legend: (Time is in decaauts)
 A = Elapsed time spent in this place.
 B = Non-inter-level travel time spent in this place.
 C = Inter-level travel time spent in this place.
 D = Time resting spent in this place.
 E = Time spent auto-exploring this place.
 F = Levels seen in this place.
 G = Mean time per level.
                   A        B        C        D        E       F      G
               +--------+--------+--------+--------+--------+-----+--------+
         Total |   2318 |   2318 |      0 |    492 |    774 |   3 |  772.7 |
       Dungeon |   2318 |   2318 |      0 |    492 |    774 |   3 |  772.7 |
               +--------+--------+--------+--------+--------+-----+--------+

Top non-repeatable levels by time:
     D:2: 1130 daAuts
     D:1: 774 daAuts
     D:3: 413 daAuts
